 Dungeon Crawl Stone Soup version 0.17-a0-186-g8d083fd (webtiles) character file.

78 squibie the Magician (level 4, -11/24 HPs)
             Began as a Deep Elf Wizard on Mar 27, 2015.
             Was an Initiate of Ru.
             Killed by divine providence
             ... invoked by an orc priest
              (12 damage)
             ... on level 2 of the Dungeon.
             The game lasted 00:05:40 (1895 turns).

squibie the Magician (Deep Elf Wizard)              Turns: 1895, Time: 00:05:40

Health: -11/24     AC:  3    Str:  4    XL:     4   Next: 15%
Magic:  6/17       EV: 12    Int: 24    God:    Ru [......]
Gold:   56         SH:  0    Dex: 13    Spells: 1 memorised, 13 levels left

rFire  . . .     SeeInvis .     j - +1 dagger (pain)
rCold  . . .     Clarity  .     a - +0 robe
rNeg   . . .     SustAb   .     (no shield)
rPois  .         Gourm    .     b - +0 hat
rElec  .         Spirit   .     m - +0 cloak
rCorr  .         Warding  .     (no gloves)
rMut   .         Stasis   .     (no boots)
MR     .....                    (no amulet)
Stlth  ++........               (no ring)
                                (no ring)

@: very slightly contaminated, not resistant to hostile enchantments, unstealthy
A: no striking features
a: Renounce Religion


You were on level 2 of the Dungeon.
You worshipped Ru.
Ru was noncommittal.
You were not hungry.

You visited 1 branch of the dungeon, and saw 2 of its levels.

You collected 56 gold pieces.

Inventory:

Hand weapons
 j - a +1 dagger of pain (weapon)
Armour
 a - a +0 robe (worn)
 b - a +0 hat (worn)
 m - a +0 cloak (worn)
Scrolls
 e - 4 scrolls of identify {unknown}
 i - a scroll of enchant weapon {unknown}
Potions
 f - a potion of heal wounds {unknown}
 g - a potion of magic {unknown}
 l - a potion of agility {unknown}
 n - a potion of might {unknown}
Books
 c - a book of Minor Magic

   Spells                             Type                      Level
   a - Magic Dart                     Conjuration                  1
   b - Blink                          Translocation                2
   c - Call Imp                       Summoning                    2
   d - Repel Missiles                 Charms/Air                   2
   e - Slow                           Hexes                        2
   f - Conjure Flame                  Conjuration/Fire             3
   g - Mephitic Cloud                 Conjuration/Poison/Air       3
Comestibles
 d - 3 bread rations
 h - 3 meat rations
 k - a slice of pizza


   Skills:
 - Level 2.4 Dodging
 - Level 2.4 Stealth
 + Level 5.7 Spellcasting
 - Level 3.2 Conjurations
   Level 1.1 Summonings
   Level 1.1 Translocations


You had 13 spell levels left.
You knew the following spells:

 Your Spells              Type           Power        Failure   Level  Hunger
a - Magic Dart            Conj           ###.         1%          1    None


Dungeon Overview and Level Annotations

Branches:
Dungeon (2/15)

Altars:
Cheibriados
Fedhas
Kikubaaqudgha
Ru


Message History

Aim: an orc priest, wielding a flail and wearing a chain mail (moderately wounded)
The magic dart hits the orc priest.
The orc priest is heavily wounded.
The orc priest hits you with a flail!
* * * LOW HITPOINT WARNING * * *
Drink which item? (? for menu, Esc to quit)
Okay, then.
Read which item? (? for menu, Esc to quit)
Okay, then.
Casting: Magic Dart
Confirm with . or Enter, or press ? or * to list all spells.
Aiming: Magic Dart
Press: ? - help, Shift-Dir - straight line, f/p - orc priest
Aim: an orc priest, wielding a flail and wearing a chain mail (heavily wounded)
The magic dart hits the orc priest.
The orc priest is heavily wounded.
The orc priest mumbles some strange prayers to Beogh against you.
Something smites you!
Ouch! That really hurt!
You die...

##.# #.# #.# #.#
#.# #.# ##.# #.#
#.# ...# #.#
#.#######
######.#.#.......#
.......#o#######.#
########o #)# #.
#.# #o #@# #. #.#
#. #o# #.#######)#
#.†.o.o...#
###########


You could see an orc priest.

Vanquished Creatures
  An orc wizard (D:2)
  2 giant geckos
  An ooze (D:2)
  2 orcs (D:2)
  5 bats
  2 giant cockroaches
  5 goblins
  7 hobgoblins
  A quokka (D:2)
  2 giant newts (D:1)
  7 jackals (D:1)
  5 kobolds
  3 rats
43 creatures vanquished.

Notes
Turn   | Place    | Note
--------------------------------------------------------------
     0 | D:1      | squibie, the Deep Elf Wizard, began the quest for the Orb.
     0 | D:1      | Reached XP level 1. HP: 10/10 MP: 6/6
   215 | D:1      | Reached XP level 2. HP: 15/15 MP: 3/9
   736 | D:1      | Reached XP level 3. HP: 19/19 MP: 9/12
   904 | D:2      | Found a sacrificial altar of Ru.
   919 | D:2      | Reached skill level 5 in Spellcasting
   924 | D:2      | Became a worshipper of Ru the Awakened
  1269 | D:2      | Reached XP level 4. HP: 24/24 MP: 15/17
  1332 | D:2      | Found a snail-covered altar of Cheibriados.
  1332 | D:2      | Found an ancient bone altar of Kikubaaqudgha.
  1333 | D:2      | Found a blossoming altar of Fedhas.
  1893 | D:2      | HP: 1/24 [orc priest/flail (10)]
  1895 | D:2      | Killed from afar by an orc priest

Action                   |  1- 3 |  4- 6 || total
-------------------------+-------+-------++-------
Melee: Unarmed           |     7 |       ||     7
       Dagger            |     3 |       ||     3
 Cast: Magic Dart        |    82 |    26 ||   108
  Eat: Chunk             |     1 |     2 ||     3
